 Dungeon Crawl Stone Soup version 0.20.0-15-g7f486f2 (webtiles) character file.

315 Malak the Shield-Bearer (level 6, -5/52 HPs)
             Began as a Minotaur Berserker on June 13, 2017.
             Was a Priest of Trog.
             Splashed by Ijyb's acid (11 damage)
             ... on level 4 of the Dungeon.
             The game lasted 00:15:57 (2317 turns).

Malak the Shield-Bearer (Minotaur Berserker)        Turns: 2317, Time: 00:15:58

Health: -5/52      AC:  8    Str: 22    XL:     6   Next: 20%
Magic:  5/5        EV: 10    Int:  4    God:    Trog [***...]
Gold:   138        SH: 10    Dex: 11    Spells: 5/5 levels left

rFire    . . .     SeeInvis .   E - +6 spear "Potzu" {pierce, +Blink +Fly}
rCold    . . .     Gourm    .   s - +0 shield
rNeg     . . .     Faith    .   i - +0 ring mail
rPois    .         Spirit   .   (helmet restricted)
rElec    .         Reflect  .   (no cloak)
rCorr    .         Harm     .   p - +1 pair of gloves
MR       .....                  (no boots)
Stlth    +.........             h - amulet of magic regeneration
Regen    0.2/turn               (no ring)
MPRegen  0.2/turn               (no ring)

@: no status effects
A: retaliatory headbutt, horns 2
a: Berserk, Trog's Hand, Burn Spellbooks, Renounce Religion, Evoke Blink, Evoke
Flight


You were on level 4 of the Dungeon.
You worshipped Trog.
Trog was most pleased with you.
You were not hungry.

You visited 1 branch of the dungeon, and saw 4 of its levels.

You collected 138 gold pieces.

Inventory:

Hand Weapons
 a - a +0 hand axe
 t - a +0 falchion
 v - a +1 trident of protection
 E - the +6 spear "Potzu" (weapon) {pierce, +Blink +Fly}
   (You found it on level 4 of the Dungeon)

   It inflicts extra damage upon your enemies.
   It lets you fly.
   It lets you blink.
Missiles
 C - 4 javelins (quivered)
Armour
 b - a +0 animal skin
 i - a +0 ring mail (worn)
 k - a +0 chain mail
 p - a +1 pair of gloves (worn)
 s - a +0 shield (worn)
Jewellery
 f - a cursed ring of loudness
 h - an amulet of magic regeneration (around neck)
 y - a +3 ring of dexterity
Scrolls
 e - a scroll of remove curse
 g - a scroll of blinking
 r - a scroll of amnesia
 B - a scroll of fog {unknown}
Potions
 d - a potion of curing {unknown}
 j - a potion of ambrosia {unknown}
 n - a potion of agility {unknown}
 w - a potion of invisibility {unknown}
 z - a potion of lignification {unknown}
 A - a potion of degeneration {unknown}
 D - a potion of haste {unknown}
Comestibles
 c - 3 bread rations
 m - 3 chunks of flesh
 o - 3 royal jellies


   Skills:
 - Level 4.0 Fighting
 - Level 4.7 Axes
 - Level 4.0 Armour
 - Level 3.0 Dodging
 + Level 5.1 Shields


You had 5 spell levels left.
You didn't know any spells.

Dungeon Overview and Level Annotations

Branches:
Dungeon (4/15)
 Temple: D:4-7

Altars:
Nemelex Xobeh
Qazlal
Vehumet
Xom
Yredelemnul
Zin

Annotations:
D:4 Ijyb


Innate Abilities, Weirdness & Mutations

You reflexively headbutt those who attack you in melee.
You have a pair of horns on your head.


Message History

As you read the scroll of identify, it crumbles to dust.
y - a +3 ring of dexterity You see here a giant spiked club.
Unknown command.
Wield which item (- for none, * to show all)? (? for menu, Esc to quit)
Your +1 trident of protection goes still.
E - the +6 spear "Potzu" (weapon)
{pierce, +Blink +Fly} Eating one of 4 chunks of flesh.
You eat one of the 4 chunks of flesh.
This raw flesh tastes terrible.
You see here a giant spiked club.
Ijyb the Twisted Goblin comes into view.
She is wielding an enchanted club.
Okay, then.
Ijyb zaps a wand.
The bolt of acid hits you!
You are splashed with acid!
The acid burns!
It is a wand of acid (?/15).
Found a stone staircase leading down.
You are too injured to fight recklessly!
Ijyb zaps a wand.
The bolt of acid hits you!
* * * LOW HITPOINT WARNING * * *
You are splashed with acid!
The acid burns!
You die...

######### #.......# ###
# #.......########..
.>..###................#
#...g.@......#####.....
#..###.............####
#.......#######...
#.##....##.# ##....
#.......##.# #.....
....##.....## #.....
#.....#.....## #.....
............)###.....
..............##.....


You could see Ijyb.

Vanquished Creatures
  An ogre (D:4)
  A centaur skeleton (D:4)
  A bullfrog skeleton (D:4)
  2 worker ants
  4 adders
  An ooze (D:2)
  3 worms (D:3)
  A leopard gecko (D:2)
  6 orcs (D:3)
  5 giant cockroaches
  6 goblins
  7 hobgoblins
  10 jackals
  11 kobolds
  A quokka (D:2)
  A ball python (D:2)
  6 bats
  5 frilled lizards
  7 rats
79 creatures vanquished.

Notes
Turn   | Place    | Note
-------+----------+-------------------------------------------
     0 | D:1      | Malak the Minotaur Berserker began the quest for the Orb.
     0 | D:1      | Reached XP level 1. HP: 19/19 MP: 0/0
    51 | D:1      | Found a sparkling altar of Nemelex Xobeh.
   281 | D:1      | Reached XP level 2. HP: 27/27 MP: 1/1
   831 | D:2      | Reached XP level 3. HP: 32/33 MP: 2/2
   842 | D:2      | Reached ** piety under Trog
   911 | D:2      | Found a radiant altar of Vehumet.
  1189 | D:2      | Found a stormy altar of Qazlal.
  1270 | D:2      | Reached XP level 4. HP: 33/40 MP: 3/3
  1442 | D:3      | Found a glowing silver altar of Zin.
  1572 | D:3      | Found a shimmering altar of Xom.
  1664 | D:3      | Reached skill level 1 in Shields
  1718 | D:3      | Reached skill level 2 in Shields
  1718 | D:3      | Reached XP level 5. HP: 45/46 MP: 4/4
  1775 | D:3      | Reached *** piety under Trog
  1786 | D:3      | Found a snail-covered altar of Cheibriados.
  1788 | D:3      | Found a glowing silver altar of Zin.
  1788 | D:3      | Found a blossoming altar of Fedhas.
  1790 | D:3      | Found an iron altar of Okawaru.
  1790 | D:3      | Found a shimmering altar of Xom.
  1790 | D:3      | Found an iron altar of Okawaru.
  2144 | D:4      | Reached skill level 3 in Shields
  2243 | D:4      | Reached skill level 4 in Shields
  2245 | D:4      | Found a basalt altar of Yredelemnul.
  2245 | D:4      | Noticed an ogre
  2251 | D:4      | Killed an ogre
  2251 | D:4      | Reached skill level 5 in Shields
  2251 | D:4      | Reached XP level 6. HP: 52/52 MP: 5/5
  2262 | D:4      | Got a dazzling spear
  2269 | D:4      | Identified the +6 spear "Potzu" {pierce, +Blink +Fly} (You found it on level 4 of the Dungeon)
  2314 | D:4      | Noticed Ijyb
  2317 | D:4      | Splashed by Ijyb's acid

Skill      XL: |  1  2  3  4  5 |
---------------+----------------+-----
Axes           | 4 |  4.7
Fighting       | 4 |  4.0
Armour         | 3 4 |  4.0
Dodging        | 3 |  3.0
Shields        | 2 5 |  5.1

Action                   |  1- 3 |  4- 6 || total
-------------------------+-------+-------++-------
Melee: Hand axe          |    92 |    45 ||   137
       Headbutt          |     8 |    17 ||    25
       Trident           |       |    46 ||    46
Throw: Javelin           |       |     4 ||     4
  Use: Scroll            |       |     9 ||     9
  Eat: Chunk             |     1 |     4 ||     5
Armor: Animal skin       |     9 |       ||     9
       Ring mail         |    17 |    26 ||    43
Dodge: Dodged            |    68 |    49 ||   117
Block: Shield            |       |    29 ||    29
